 Dungeon Crawl Stone Soup version 0.21.1-1-g345015f (webtiles) character file.

206715 wojtek the Tortoise (level 18, -27/173 HPs)
             Began as a Minotaur Fighter on June 9, 2018.
             Was the Champion of Makhleb.
             Killed from afar by a deep elf sorcerer (43 damage)
             ... with damnation
             ... on level 2 of the Elven Halls.
             The game lasted 01:29:29 (37707 turns).

wojtek the Tortoise (Minotaur Fighter)             Turns: 37707, Time: 01:29:30

Health: -27/173    AC: 29    Str: 26      XL:     18   Next: 45%
Magic:  26/26      EV: 14    Int: -1 (3)  God:    Makhleb [******]
Gold:   2870       SH: 12    Dex: 10 (11) Spells: 17/17 levels left

rFire    + . .     SeeInvis .   D - +10 whip of the Vulture {venom, Stlth+}
rCold    + + .     Gourm    .   K - +0 shield {AC+3}
rNeg     . . .     Faith    .   I - +2 plate armour {rPois}
rPois    +         Spirit   .   V - +1 hat "Adgh" {rC+ MR+ Str+2}
rElec    .         Reflect  .   J - +0 cloak
rCorr    .         Harm     .   h - +0 pair of gloves
MR       ++...     Rnd*Tele +   L - +0 pair of boots
Stlth    ..........             c - amulet of regeneration
HPRegen  0.78/turn              Q - ring of protection from cold
MPRegen  0.20/turn              q - ring of protection from fire

@: slowed, lost intelligence, very slow
A: retaliatory headbutt, claws 1, horns 2, [blurry vision 2], clumsy 1, [dopey
1], [teleportitis 1], [weak 1], subdued magic 1
a: Minor Destruction, Lesser Servant of Makhleb, Major Destruction, Greater
Servant of Makhleb, Renounce Religion


You were on level 2 of the Elven Halls.
You worshipped Makhleb.
Makhleb was exalted by your worship.
You were not hungry.

You visited 7 branches of the dungeon, and saw 33 of its levels.
You visited the Abyss 2 times.
You also visited: Sewer and Ossuary.

You collected 2870 gold pieces.

Inventory:

Hand Weapons
 a - the +0 broad axe of Governance {drain, Fragile +Rage Int+7}
   (You found it on level 6 of the Lair of Beasts)

   A truly terrible weapon, it drains the life of those it strikes.
   It affects your intelligence (+7).
   It lets you go berserk.
   It will be destroyed if unequipped.
 D - the +10 whip of the Vulture (weapon) {venom, Stlth+}
   (You found it on level 4 of the Dungeon)

   It poisons the flesh of those it strikes.
   It makes you more stealthy.
 Y - a +1 broad axe
Missiles
 O - 2 throwing nets (quivered)
Armour
 h - a +0 pair of gloves (worn)
 i - +3 storm dragon scales {Bai Suzhen}
 y - a +0 plate armour of fire resistance
 I - a +2 plate armour of poison resistance (worn)
 J - a +0 cloak (worn)
 K - a +0 shield of protection (worn)
 L - a +0 pair of boots (worn)
 V - the +1 hat "Adgh" (worn) {rC+ MR+ Str+2}
   (You found it on level 2 of the Lair of Beasts)

   It affects your strength (+2).
   It protects you from cold.
   It affects your resistance to hostile enchantments.
Jewellery
 c - an amulet of regeneration (around neck)
 e - an uncursed ring of see invisible
 q - a ring of protection from fire (right hand)
 H - an uncursed ring of fire
 N - an uncursed ring of positive energy
 Q - a ring of protection from cold (left hand)
 T - an uncursed ring of protection from cold
 X - an uncursed ring of protection from magic
 Z - an uncursed amulet of faith {unknown}
Wands
 B - a wand of paralysis (15)
 E - a wand of iceblast (7)
 P - a wand of clouds (5)
 S - a wand of acid (27)
 W - a wand of digging (35)
Scrolls
 k - 16 scrolls of remove curse
 o - 7 scrolls of fog
 p - 13 scrolls of teleportation
 r - 4 scrolls of blinking
 s - a scroll of magic mapping
 t - 6 scrolls of identify
 u - a scroll of enchant weapon
 w - 3 scrolls of enchant armour {unknown}
 x - 3 scrolls of immolation
 C - 6 scrolls of fear
 R - 3 scrolls of vulnerability
Potions
 b - 3 potions of mutation {unknown}
 d - 4 potions of might
 g - 2 potions of resistance
 j - 7 potions of invisibility
 l - a potion of magic
 m - 4 potions of heal wounds
 n - 7 potions of lignification
 v - 12 potions of curing
 A - 4 potions of haste
 F - 5 potions of ambrosia
 G - 4 potions of agility
 M - 6 potions of flight {unknown}
 U - 2 potions of brilliance {unknown}
Comestibles
 f - 49 rations


   Skills:
 + Level 18.4 Fighting
 + Level 15.1 Axes
 + Level 18.4 Armour
 + Level 16.8 Dodging
 - Level 11.0 Shields
 - Level 13.0 Invocations


You had 17 spell levels left.
You didn't know any spells.

Dungeon Overview and Level Annotations

Branches:
Dungeon (15/15) Temple (1/1) D:7 Lair (6/6) D:9 Swamp (3/4) Lair:3 Snake (4/4) Lair:2 Slime (0/5) Lair:5 Orc (2/2) D:12 Elf (2/3) Orc:2 Vaults (0/5) D:13 D:14 Depths (0/5) D:15

Altars:
Ashenzari
Cheibriados
Dithmenos
Elyvilon
Fedhas
Gozag
Hepliaklqana
Kikubaaqudgha
Makhleb
Nemelex Xobeh
Okawaru
Qazlal
Ru
Sif Muna
Trog
Uskayaw
Vehumet
Wu Jian
Xom
Yredelemnul
Zin
The Shining One
Jiyva
Lugonu

Shops:
D:5 %   D:6 [   D:14 :   D:15 %   Orc:2 [%[*   Elf:2 (   Snake:1 (}*
Snake:3 (

Portals:
Trove: D:12 (give 14 scrolls of teleportation)

Annotations:
Lair:2 exclusion: 2 oklob plants
Lair:5 1 runed door
Lair:6 need fire


Innate Abilities, Weirdness & Mutations

You reflexively headbutt those who attack you in melee.
You have a pair of horns on your head.
You have sharp fingernails.
You are clumsy. (Dex -2)
Your spells are a little easier to cast, but a little less powerful.
[Scrolls take you longer to read.]
[You are dopey. (Int -2)]
[You are occasionally teleported next to monsters.]
[You are weak. (Str -2)]


Message History

The wind drake begins deflecting missiles!
The deep elf sorcerer's eyes start to glow.
The deep elf sorcerer mumbles some strange words.
The deep elf sorcerer seems to speed up.
The wind drake exhales a fierce blast of wind!
You are blown backwards!
The deep elf sorcerer casts a spell at you.
The bolt of acid hits you!
* * * LOW HITPOINT WARNING * * *
You are splashed with acid!
The acid burns!
* * * LOW HITPOINT WARNING * * *
Unknown command.
Unknown command.
The deep elf sorcerer mumbles some strange words.
You feel disoriented.
The deep elf sorcerer points at you and mumbles some strange words.
You resist with almost no effort.
The deep elf sorcerer points at you and mumbles some strange words.
The sphere of damnation explodes!
The damnation engulfs you!
You die...

###### ##### ...... .....
..... ....
######'########..############
......)...k...#..#...........
..........e...#..#...........
..####..####@.#..#..#####..##
#..#. #(.#..#..'...#..+.
#..#..#..#..#..#...#..#.
#..#..#(.'..#..#..))))#.
#..#..'(.#..'..#...#.)#.
#..#..#(.#..#..#...#..#.
#..####(.#).#..#####..##
.........#..#...........
.........#..#...........


You could see a deep elf sorcerer and a wind drake shaped shifter.

Vanquished Creatures
  Vashnia (Snake:2)
  Saint Roka (Snake:3)
  2 tentacled starspawn (Abyss:2)
  Kirke (Swamp:3)
  6 nagarajas (Snake:4)
  A stone giant (Orc:2)
  3 very ugly things (Abyss:2)
  Nessos (D:13)
  3 dire elephants (Lair:6)
  2 deep elf death magi (Elf:2)
  The ghost of Bnni the Thaumaturge, a journeyman GnWr of Gozag (D:13)
  2 fire dragons (D:15)
  The ghost of 4thArraOfDagon the Grappler, a journeyman TrNe of the Shining One (D:15)
  Fannar (Lair:3)
  The ghost of kalagan the Eclecticist, a journeyman DESu of Vehumet (Snake:1)
  Josephine (Lair:4)
  Harold (D:10)
  9 naga warriors
  Erolcha (D:9)
  2 centaur warriors
  16 hydras
  Erica (D:8)
  5 alligators
  7 dancing weapons (Elf:1)
  10 anacondas
  9 death yaks
  2 ogre magi (Orc:2)
  12 naga sharpshooters
  15 two-headed ogres
  2 thrashing horrors
  9 shock serpents
  Sonja (D:12)
  2 tengu warriors
  Nergalle (D:12)
  5 deep elf knights
  3 wretched stars (Abyss:2)
  2 salamander mystics
  A spatial maelstrom (Abyss:2)
  3 unseen horrors
  2 deep trolls (Orc:2)
  A shambling mangrove (Swamp:2)
  4 naga ritualists
  2 orc knights
  9 deep elf archers
  2 large abominations
  A wizard (D:15)
  3 mana vipers
  37 deep elf magi
  A manticore (D:13)
  An orc sorcerer (Snake:3)
  11 ugly things
  4 cyclopes
  3 salamanders
  4 elephants (Lair:6)
  A smoke demon (Abyss:2)
  15 guardian serpents
  15 naga magi
  26 black mambas
  Psyche (D:8)
  A gargoyle (D:13)
  2 orange demons (Abyss:2)
  4 centaur skeletons
  6 komodo dragons
  7 spiny frogs
  A kobold demonologist (D:15)
  A yaktaur (D:15)
  2 efreet
  2 freezing wraiths (Abyss:2)
  3 meliai (D:13)
  2 tengu conjurers
  2 tyrant leeches
  2 polar bears (Lair:4)
  18 trolls
  6 hornets
  A queen bee (D:13)
  9 blink frogs (Lair:4)
  Grinder (D:6)
  Prince Ribbit (D:6)
  23 slime creatures
  9 hippogriffs
  5 bog bodies
  A meliai zombie (D:15)
  4 raiju (Abyss:2)
  4 dream sheep
  2 air elementals (Elf:1)
  6 starcursed masses (Abyss:2)
  37 yaks
  2 vampires
  A water elemental (Elf:1)
  7 wraiths
  A shadow (D:13)
  8 hogs
  A fire elemental (Elf:1)
  4 basilisks
  A wyvern (D:14)
  A chaos spawn (Abyss:2)
  12 humans
  4 hungry ghosts
  2 neqoxecs (Abyss:2)
  3 vampire mosquitoes (D:14)
  Menkaure (D:7)
  17 swamp worms
  3 insubstantial wisps (Lair:3)
  24 water moccasins
  Edmund (D:6)
  5 wargs
  3 acid dragons
  34 nagas
  8 porcupines
  2 black bears
  3 ice beasts
  A black bear (shapeshifter) (D:14)
  21 orc warriors
  6 sky beasts
  5 swamp drakes
  3 necrophages
  11 wolves
  A hornet zombie (D:12)
  4 phantoms
  4 boggarts (Lair:4)
  31 ogres
  9 centaurs
  An eye of draining (D:13)
  12 crocodiles
  19 bullfrogs
  An earth elemental (Elf:1)
  14 big kobolds
  2 gnoll sergeants (D:12)
  8 water moccasin zombies (Ossuary)
  2 wyvern skeletons
  6 scorpions
  21 killer bees (D:13)
  An oklob sapling (D:7)
  9 wights
  An electric eel (Lair:2)
  3 howler monkeys
  7 crimson imps
  3 bullfrog zombies
  4 centaur zombies
  5 hounds
  4 jellies
  10 orc priests
  2 bullfrog skeletons
  7 iguanas
  19 orc wizards
  18 worker ants
  9 small abominations
  3 big kobold zombies (Ossuary)
  A hound skeleton (D:7)
  3 mummies
  A worker ant zombie (D:10)
  2 gnolls (D:12)
  25 adders
  A river rat (Sewer)
  5 shadow imps
  3 ufetubi (Abyss:2)
  4 oozes (Sewer)
  3 adder skeletons
  5 adder zombies
  4 worms
  3 dart slugs
  10 leopard geckos
  61 orcs
  7 bats
  5 giant cockroaches
  7 goblins
  6 hobgoblins
  9 jackals
  8 quokkas
  4 ball pythons
  9 frilled lizards
  9 hobgoblin zombies (Ossuary)
  21 kobolds
  5 kobold zombies
  3 leopard gecko skeletons
  2 leopard gecko zombies (D:5)
  7 orc zombies
  A quokka skeleton (D:5)
  11 rats
  2 plants
  2 starspawn tentacles (Abyss:2)
1136 creatures vanquished.

Vanquished Creatures (collateral kills)
  Bai Suzhen (Snake:3)
  Rupert (D:13)
  An anaconda (Snake:3)
  Urug (D:13)
  A naga sharpshooter (Snake:2)
  A mana viper (Snake:3)
  A komodo dragon (Lair:2)
  5 humans (D:13)
  A naga (Snake:3)
  An orc wizard (Snake:3)
  An orc (Snake:3)
15 creatures vanquished.

Vanquished Creatures (others)
  A deep elf mage (Elf:1)
  8 fungi
  9 plants
  12 starspawn tentacles
30 creatures vanquished.

Grand Total: 1181 creatures vanquished

Notes
Turn   | Place    | Note
-------+----------+-------------------------------------------
     0 | D:1      | wojtek the Minotaur Fighter began the quest for the Orb.
     0 | D:1      | Reached XP level 1. HP: 19/19 MP: 0/0
   455 | D:1      | Reached XP level 2. HP: 26/26 MP: 1/1
   966 | D:2      | Reached XP level 3. HP: 30/31 MP: 2/2
  1184 | D:2      | Reached skill level 5 in Axes
  1523 | D:2      | Reached XP level 4. HP: 39/39 MP: 3/3
  1633 | D:3      | Found a glowing drain.
  1651 | Sewer    | Entered a sewer
  1750 | Sewer    | Noticed a big kobold
  1764 | Sewer    | Killed a big kobold
  1764 | Sewer    | Reached XP level 5. HP: 45/45 MP: 4/4
  1937 | Sewer    | Reached XP level 6. HP: 47/51 MP: 5/5
  2183 | Sewer    | Reached XP level 7. HP: 46/57 MP: 6/6
  2492 | D:3      | Found a faded altar of an unknown god.
  2698 | D:3      | Found a hazy altar of Hepliaklqana.
  2767 | D:3      | Found a shadowy altar of Dithmenos.
  2816 | D:3      | Found a radiant altar of Vehumet.
  2820 | D:3      | Found an ancient bone altar of Kikubaaqudgha.
  2821 | D:3      | Found a deep blue altar of Sif Muna.
  2832 | D:3      | Identified Kikubaaqudgha's Collected Works on Necromancy
  3020 | D:4      | Found a sand-covered staircase.
  3029 | Ossuary  | Entered an ossuary
  3076 | Ossuary  | Reached skill level 10 in Axes
  3174 | Ossuary  | Reached XP level 8. HP: 58/64 MP: 7/7
  3206 | Ossuary  | Reached skill level 1 in Dodging
  3896 | D:4      | Found a bloodstained altar of Trog.
  3971 | D:4      | Got a bloodstained whip
  4207 | D:5      | Entered Level 5 of the Dungeon
  4509 | D:5      | Reached skill level 5 in Fighting
  4509 | D:5      | Reached skill level 5 in Armour
  4509 | D:5      | Reached skill level 5 in Shields
  4906 | D:5      | Found Uxzeucw's Food Emporium.
  5097 | D:6      | Noticed Edmund
  5103 | D:6      | Killed Edmund
  5103 | D:6      | Reached XP level 9. HP: 74/74 MP: 8/8
  5258 | D:6      | Noticed Prince Ribbit
  5592 | D:6      | Killed Prince Ribbit
  5703 | D:6      | Found a blossoming altar of Fedhas.
  5704 | D:6      | Found a stormy altar of Qazlal.
  5876 | D:6      | Found Veigraru's Armour Shop.
  6086 | D:6      | Noticed Grinder
  6092 | D:6      | Paralysed by Grinder for 5 turns
  6099 | D:6      | Paralysed by Grinder for 3 turns
  6102 | D:6      | Killed Grinder
  6590 | D:7      | Reached skill level 5 in Dodging
  6692 | D:7      | Noticed Menkaure
  6704 | D:7      | Killed Menkaure
  6995 | D:7      | Reached XP level 10. HP: 86/86 MP: 9/9
  7033 | D:7      | Found a staircase to the Ecumenical Temple.
  7069 | Temple   | Entered the Ecumenical Temple
  7335 | D:7      | Found an opulent altar of Gozag.
  7831 | D:8      | Noticed Psyche
  7840 | D:8      | Killed Psyche
  8059 | D:8      | Noticed Erica
  8074 | D:8      | Killed Erica
  8143 | D:8      | Found an iron altar of Okawaru.
  8148 | D:8      | Found an ornate altar of the Wu Jian Council.
  8149 | D:8      | Found a white marble altar of Elyvilon.
  8149 | D:8      | Found a glowing silver altar of Zin.
  8149 | D:8      | Found a burning altar of Makhleb.
  8150 | D:8      | Noticed a two-headed ogre
  8161 | D:8      | Killed a two-headed ogre
  8195 | D:8      | Became a worshipper of Makhleb the Destroyer
  8484 | D:8      | Reached skill level 1 in Invocations
  8554 | D:9      | Found a staircase to the Lair.
  8583 | D:9      | Reached XP level 11. HP: 92/97 MP: 10/12
  8870 | D:9      | Noticed Erolcha
  8878 | D:9      | Killed Erolcha
  8992 | D:9      | Reached skill level 5 in Invocations
  9132 | D:10     | Entered Level 10 of the Dungeon
  9154 | D:10     | Noticed Harold
  9170 | D:10     | Killed Harold
  9170 | D:10     | Reached * piety under Makhleb
  9182 | D:10     | Noticed a two-headed ogre
  9188 | D:10     | Killed a two-headed ogre
  9696 | D:10     | Noticed a two-headed ogre
  9697 | D:10     | Noticed a two-headed ogre
  9713 | D:10     | Killed a two-headed ogre
  9770 | D:10     | Killed a two-headed ogre
 10331 | D:11     | Noticed an unseen horror
 10343 | D:11     | Killed an unseen horror
 10343 | D:11     | Reached skill level 10 in Invocations
 10519 | D:11     | Noticed a red ugly thing
 10519 | D:11     | Reached ** piety under Makhleb
 10531 | D:11     | Killed a red ugly thing
 10531 | D:11     | Reached XP level 12. HP: 25/104 MP: 18/18
 10836 | D:11     | Found a sacrificial altar of Ru.
 11154 | D:11     | Noticed a two-headed ogre
 11155 | D:11     | Noticed a two-headed ogre
 11165 | D:11     | Killed a two-headed ogre
 11170 | D:11     | Killed a two-headed ogre
 11390 | D:11     | Got a steaming pewter amulet
 11574 | D:12     | Found a staircase to the Orcish Mines.
 11632 | D:12     | Reached *** piety under Makhleb
 11962 | D:12     | Noticed Sonja
 12228 | D:12     | Noticed a two-headed ogre
 12394 | D:12     | Noticed Nergalle
 12419 | D:12     | Cast into level 1 of the Abyss (Sonja)
 12581 | Abyss:1  | Found a corrupted altar of Lugonu.
 12624 | Abyss:1  | Found a corrupted altar of Lugonu.
 12729 | Abyss:1  | Noticed a tentacled starspawn
 12730 | Abyss:1  | Noticed a tentacled starspawn
 12775 | D:12     | Escaped the Abyss
 13177 | Lair:1   | Entered Level 1 of the Lair of Beasts
 13230 | Lair:1   | Identified the amulet "Eskuddew" {Spirit -Tele rPois Dex+2 Slay+2} (You found it on level 11 of the Dungeon)
 13231 | Lair:1   | Identified the +10 whip of the Vulture {venom, Stlth+} (You found it on level 4 of the Dungeon)
 13473 | Lair:1   | Noticed a seven-headed hydra
 13487 | Lair:1   | Killed a seven-headed hydra
 14218 | Lair:2   | Noticed a four-headed hydra
 14229 | Lair:2   | Killed a four-headed hydra
 14478 | Lair:2   | Found a staircase to the Snake Pit.
 14550 | Lair:2   | Reached XP level 13. HP: 113/113 MP: 21/21
 14804 | Lair:2   | Reached skill level 10 in Fighting
 14804 | Lair:2   | Reached skill level 10 in Armour
 14805 | Lair:2   | Reached skill level 10 in Shields
 15331 | Lair:2   | Got a slimy hat
 15332 | Lair:2   | Identified the +1 hat "Adgh" {rC+ MR+ Str+2} (You found it on level 2 of the Lair of Beasts)
 15920 | Lair:3   | Found a staircase to the Swamp.
 16078 | Lair:3   | Noticed Fannar
 16110 | Lair:3   | Killed Fannar
 16379 | Lair:2   | Reached **** piety under Makhleb
 17254 | Lair:4   | Reached skill level 10 in Dodging
 17460 | Lair:4   | Noticed Josephine
 17472 | Lair:4   | Killed Josephine
 18006 | Lair:5   | Found a runed door.
 18008 | Lair:5   | Found a viscous altar of Jiyva.
 18011 | Lair:5   | Found a staircase to the Slime Pits.
 18011 | Lair:5   | Noticed an acid blob
 18229 | Lair:5   | Reached XP level 14. HP: 125/125 MP: 22/22
 18330 | Lair:5   | Identified the Handbook of Spatial Flight
 18740 | Lair:6   | Entered Level 6 of the Lair of Beasts
 19135 | Lair:6   | Reached ***** piety under Makhleb
 19767 | Lair:6   | Got a fine broad axe
 19768 | Lair:6   | Identified the +0 broad axe of Governance {drain, Fragile +Rage Int+7} (You found it on level 6 of the Lair of Beasts)
 20662 | D:12     | Killed Nergalle
 20713 | D:12     | Killed Sonja
 20818 | D:12     | Found a portal to a secret trove of treasure.
 21241 | Orc:1    | Entered Level 1 of the Orcish Mines
 21576 | Orc:2    | Entered Level 2 of the Orcish Mines
 21576 | Orc:2    | Noticed a stone giant
 21761 | Orc:2    | Killed a stone giant
 22238 | Orc:2    | Reached ****** piety under Makhleb
 22292 | Orc:2    | Reached XP level 15. HP: 137/137 MP: 23/23
 22387 | Orc:2    | Found Kawann's General Store.
 22391 | Orc:2    | Found Nepis's Armour Shop.
 22397 | Orc:2    | Found Leinusk's Food Shoppe.
 22398 | Orc:2    | Found Cuynej's Antique Armour Emporium.
 22404 | Orc:2    | Found a staircase to the Elven Halls.
 23198 | D:13     | Noticed Bnni's ghost (journeyman GnWr)
 23351 | D:13     | Killed Bnni's ghost
 23773 | D:14     | Found a gate to the Vaults.
 23773 | D:14     | Noticed Urug
 23773 | D:14     | Noticed Nessos
 23773 | D:14     | Noticed Rupert
 23796 | D:13     | Killed Nessos
 23974 | D:13     | Killed Rupert
 24395 | D:14     | Gained mutation: You have sharp fingernails. [a cacodemon]
 24547 | D:13     | Killed Urug
 24972 | D:14     | Found Bashriat's Book Shop.
 25003 | D:14     | Reached skill level 15 in Armour
 25269 | D:14     | Reached skill level 15 in Fighting
 25444 | D:15     | Entered Level 15 of the Dungeon
 25444 | D:15     | Found Siogim's Food Emporium.
 25784 | D:15     | Noticed 4thArraOfDagon's ghost (journeyman TrNe)
 25806 | D:15     | Killed 4thArraOfDagon's ghost
 25941 | D:15     | Found a staircase to the Depths.
 26486 | Swamp:1  | Entered Level 1 of the Swamp
 26964 | Lair:3   | Reached XP level 16. HP: 147/149 MP: 24/24
 27681 | Swamp:2  | Found an iron altar of Okawaru.
 28381 | Swamp:3  | Noticed Kirke
 28414 | Swamp:3  | Killed Kirke
 29597 | Snake:1  | Entered Level 1 of the Snake Pit
 29713 | Snake:1  | Found Ziplilos's Assorted Antiques.
 29773 | Snake:1  | Noticed kalagan's ghost (journeyman DESu)
 29807 | Snake:1  | Killed kalagan's ghost
 30000 | Snake:1  | Found Kirchou's Antique Weapon Shoppe.
 30004 | Snake:1  | Found Godamouh's Gadget Emporium.
 30499 | Snake:2  | Found a frozen archway.
 30642 | Snake:2  | Noticed Vashnia
 30999 | Snake:2  | Reached skill level 15 in Dodging
 31304 | Snake:2  | Killed Vashnia
 31530 | Snake:3  | HP: 7/152 [naga sharpshooter/arrow (10)]
 31834 | Snake:3  | Noticed Saint Roka
 31836 | Snake:3  | Noticed an Executioner
 32116 | Snake:3  | Killed Saint Roka
 32116 | Snake:3  | Reached XP level 17. HP: 103/160 MP: 25/25
 32629 | Snake:3  | Noticed Bai Suzhen
 32679 | Snake:3  | Killed Bai Suzhen
 33187 | Snake:3  | Found Suoqyeg's Weapon Emporium.
 33314 | Snake:4  | Entered Level 4 of the Snake Pit
 34661 | Snake:4  | HP: 1/162 [naga sharpshooter/bolt (19)]
 35679 | Elf:1    | Entered Level 1 of the Elven Halls
 36248 | Elf:1    | Reached XP level 18. HP: 171/171 MP: 26/26
 36998 | Elf:2    | Found Gis Orub's Antique Weapon Boutique.
 37117 | Elf:2    | Cast into level 2 of the Abyss (a deep elf sorcerer)
 37175 | Abyss:2  | Gained mutation: Your spells are a little easier to cast, but a little less powerful. [a neqoxec]
 37417 | Abyss:2  | Reached skill level 15 in Axes
 37610 | Abyss:2  | Lost intelligence.
 37626 | Abyss:2  | HP: 4/155 [white very ugly thing (8)]
 37635 | Abyss:2  | HP: 7/155 [smoke demon/divine providence (13)]
 37635 | Abyss:2  | HP: 2/155 [thrashing horror (5)]
 37641 | Abyss:2  | Gained mutation: You are clumsy. (Dex -2) [a neqoxec]
 37705 | Elf:2    | Escaped the Abyss
 37707 | Elf:2    | Killed from afar by a deep elf sorcerer

Skill      XL: |  1  2  3  4  5  6  7  8  9 10 11 12 13 14 15 16 17 18 |
---------------+-------------------------------------------------------+-----
Axes           | 3 4 5 6 8 9 11 13 14 15 | 15.1
Fighting       | 5 7 9 11 13 15 16 17 18 | 18.4
Dodging        | 3 5 7 8 10 12 14 15 16 | 16.8
Shields        | 5 7 9 11 | 11.0
Armour         | 5 7 9 11 13 15 16 17 18 | 18.4
Invocations    | 2 10 13 | 13.0

Action                   |  1- 3 |  4- 6 |  7- 9 | 10-12 | 13-15 | 16-18 || total
-------------------------+-------+-------+-------+-------+-------+-------++-------
Melee: War axe           |    62 |   133 |   447 |   665 |       |       ||  1307
       Headbutt          |    11 |    21 |    74 |   181 |   473 |   545 ||  1305
       Whip              |       |       |       |   151 |  1732 |  2038 ||  3921
       Unarmed           |       |       |       |       |       |     9 ||     9
Invok: Lesser Servant of |       |       |       |     3 |     7 |       ||    10
       Greater Servant o |       |       |       |       |     6 |     7 ||    13
Evoke: Wand              |       |       |     1 |       |     4 |       ||     5
  Use: Potion            |       |       |     1 |       |     2 |     7 ||    10
       Scroll            |       |       |       |     2 |    15 |    14 ||    31
 Stab: Distracted        |       |       |       |       |       |     1 ||     1
  Eat: Chunk             |     2 |     3 |    12 |    22 |    42 |    18 ||    99
       Ration            |       |       |     1 |     2 |       |     6 ||     9
Armor: Scale mail        |    23 |    46 |   148 |     6 |       |       ||   223
       Plate armour      |       |       |       |   465 |   811 |   862 ||  2138
Dodge: Dodged            |    19 |    34 |   122 |   291 |   686 |   840 ||  1992
Block: Shield            |    25 |    47 |   214 |   527 |  1167 |  1104 ||  3084
